 Dungeon Crawl Stone Soup version 0.21-a0-91-ga5031da (webtiles) character file.

47 wazuzu the Poker (level 3, -2/27 HPs)
             Began as a Hill Orc Monk on June 28, 2017.
             Was a Believer of Yredelemnul.
             Slain by an orc
             ... wielding a +0 flail
              (9 damage)
             ... on level 3 of the Dungeon.
             The game lasted 00:04:36 (1350 turns).

wazuzu the Poker (Hill Orc Monk)                    Turns: 1350, Time: 00:04:37

Health: -2/27      AC:  5    Str: 16    XL:     3   Next: 70%
Magic:  3/3        EV: 11    Int: 10    God:    Yredelemnul [**....]
Gold:   61         SH:  0    Dex: 15    Spells: 2/2 levels left

rFire    . . .     SeeInvis .   a - +0 spear
rCold    . . .     Gourm    .   (no shield)
rNeg     . . .     Faith    .   g - +0 ring mail
rPois    .         Spirit   .   (no helmet)
rElec    .         Reflect  .   (no cloak)
rCorr    .         Harm     .   (no gloves)
MR       .....                  (no boots)
Stlth    +.........             (no amulet)
HPRegen  0.09/turn              (no ring)
MPRegen  0.08/turn              (no ring)

@: flying
A: agile 1, frail 1, strong 1
a: Animate Remains, Recall Undead Slaves, Injury Mirror, Renounce Religion,
Convert to Beogh


You were on level 3 of the Dungeon.
You worshipped Yredelemnul.
Yredelemnul was pleased with you.
You were hungry.

You visited 1 branch of the dungeon, and saw 3 of its levels.

You collected 61 gold pieces.

Inventory:

Hand Weapons
 a - a +0 spear (weapon)
Armour
 g - a +0 ring mail (worn)
Scrolls
 e - a scroll of teleportation {unknown}
 j - 2 scrolls of amnesia {unknown}
 l - a scroll of remove curse
Potions
 i - a potion of flight
Books
 k - a book of Minor Magic

   Spells                             Type                      Level
   a - Magic Dart                     Conjuration                  1
   b - Blink                          Translocation                2
   c - Call Imp                       Summoning                    2
   d - Slow                           Hexes                        2
   e - Conjure Flame                  Conjuration/Fire             3
   f - Mephitic Cloud                 Conjuration/Poison/Air       3
Comestibles
 c - a bread ration
 f - 4 meat rations


   Skills:
 - Level 3.6 Fighting
 * Level 5.0 Polearms
 - Level 2.4 Dodging
 - Level 1.5 Stealth
 + Level 0.3 Invocations


You had 2 spell levels left.
You didn't know any spells.

Dungeon Overview and Level Annotations

Branches:
Dungeon (3/15)

Altars:
Uskayaw
Yredelemnul


Innate Abilities, Weirdness & Mutations

You are agile. (Dex +2)
You are frail. (-10% HP)
Your muscles are strong. (Str +2)


Message History

You barely miss the orc.
The orc is severely wounded.
The orc hits you but does no damage. The orc barely misses you.
You hit the orc.
You kill the orc!
Yredelemnul accepts your kill.
Your Polearms skill increases to level 5!
The orc hits you but does no damage. x2
You barely miss the orc.
The orc priest calls down the wrath of Beogh upon you.
Beogh smites you!
Ouch! That really hurt!
The orc misses you. The orc hits you but does no damage.
You fail to use your ability.
The orc hits you with a short sword. The orc barely misses you. x2
You fail to use your ability.
The orc hits you with a short sword.
* * * LOW HITPOINT WARNING * * *
The orc hits you with a flail!
You die...
Your body rises from the dead as a mindless zombie.

##### ##
#oo<#..#.#.
#@#........
#o#.....o..
#o.........
###........
#.......?
#......).
#.......#
#.......#
....


You could see an orc priest and 3 orcs.

Vanquished Creatures
  A dart slug (D:2)
  2 leopard geckos
  2 orcs (D:3)
  A giant cockroach (D:2)
  2 goblins
  4 hobgoblins
  5 jackals
  3 kobolds
  7 bats
  5 frilled lizards
  6 rats
38 creatures vanquished.

Notes
Turn   | Place    | Note
-------+----------+-------------------------------------------
     0 | D:1      | wazuzu the Hill Orc Monk began the quest for the Orb.
     0 | D:1      | Reached XP level 1. HP: 19/19 MP: 1/1
     0 | D:1      | Noticed a merfolk zombie
     2 | D:1      | Noticed a merfolk zombie
     8 | D:1      | Noticed a minotaur zombie
    90 | D:1      | Reached XP level 2. HP: 8/26 MP: 2/2
   401 | D:1      | Reached skill level 4 in Polearms
   922 | D:2      | Reached XP level 3. HP: 29/31 MP: 3/3
  1156 | D:2      | Found a hide-covered altar of Uskayaw.
  1179 | D:2      | Found a basalt altar of Yredelemnul.
  1206 | D:2      | Became a worshipper of Yredelemnul the Dark
  1206 | D:2      | Reached * piety under Yredelemnul
  1206 | D:2      | Reached ** piety under Yredelemnul
  1337 | D:3      | Gained mutation: You are frail. (-10% HP) [potion of mutation]
  1337 | D:3      | Gained mutation: Your muscles are strong. (Str +2) [potion of mutation]
  1337 | D:3      | Gained mutation: You are agile. (Dex +2) [potion of mutation]
  1347 | D:3      | Reached skill level 5 in Polearms
  1350 | D:3      | Slain by an orc

Vault maps used:
D:1:      shiori_arrival_whats_in_store_for_you
D:2:      lemuel_doored_altar, lemuel_coloured_pillars_altar
D:3:      chequers_temple_overflow_minitemple, kennysheep_crisscross,
          minmay_rat_hole

Skill      XL: |  1  2  3 |
---------------+----------+-----
Polearms       | 4 5 |  5.0
Fighting       | |  3.6
Dodging        | |  2.4
Stealth        | |  1.5
Invocations    | |  0.3

Action                   || total
-------------------------++-------
Melee: Spear             ||   147
  Use: Scroll            ||     3
       Potion            ||     4
 Stab: Sleeping          ||     6
  Eat: Chunk             ||     1
Armor: Robe              ||     5
       Leather armour    ||     4
       Ring mail         ||    24
Dodge: Dodged            ||    89
